 Dungeon Crawl Stone Soup version 0.32-a0-814-g0968bab981 (webtiles) character file.

Game seed: 10261570932878759053

3140864 fpsbossfight the Bringer of Blasphemy (level 25, 250/250 HPs)
             Began as a Minotaur Fighter on Mar 21, 2024.
             Was the Champion of Yredelemnul.
             Escaped with the Orb
             ... and 4 runes
             ... and 1 gem on Mar 22, 2024!
             The game lasted 02:09:19 (45836 turns).

fpsbossfight the Bringer of Blasphemy (MiFi)       Turns: 45836, Time: 02:09:19

Health: 250/250    AC: 49    Str: 31    XL:     25   Next: 85%
Magic:  35/35      EV: 14    Int:  8    God:    Yredelemnul [******]
Gold:   2631       SH: 27    Dex: 16    Spells: 24/24 levels left

rFire   + . .        I - +9 broad axe (heavy)
rCold   + + .        i - +1 tower shield
rNeg    . . .        Z - +10 plate armour "Buwiol" {Str+3 Dex+4}
rPois   .            s - +2 hat
rElec   .            X - +2 cloak {rCorr}
rCorr   +            h - +1 pair of gloves "Edwoar" {Fly Regen+ Str+3 Int+3}
SInv    .            K - +2 pair of boots {Stlth+}
Will    +....        u - amulet of reflection Stlth
                     W - ring of Inegamue {^Contam rF+ rC+++ Stlth+}
HPRegen 1.41/turn    e - ring of the Tortoise {AC+8}
MPRegen 0.24/turn

%: reflection
@: flying, wreathed by umbra
A: horns 2, retaliatory headbutt, clumsy 1, low MP 1, screaming 1, weak 2, cold
vulnerability 1
0: Orb of Zot
}: 4/15 runes: decaying, slimy, silver, gossamer
a: Renounce Religion, Light the Black Torch, Recall Undead Harvest, Hurl
Torchlight, Bind Soul, Fathomless Shackles


You escaped.
You worshipped Yredelemnul.
Yredelemnul was exalted by your worship.
You visited 10 branches of the dungeon, and saw 51 of its levels.
You visited 1 bazaar.
You also visited: Wizlab.

You collected 9250 gold pieces.
You spent 6619 gold pieces at shops.

Inventory:

Hand Weapons
 I - a +9 heavy broad axe (weapon)
   (You took it off a vault warden on level 3 of the Vaults)
Armour
 h - the +1 pair of gloves "Edwoar" (worn) {Fly Regen+ Str+3 Int+3}
   (You found it on level 5 of the Pits of Slime)

   Str+3:     It affects your strength (+3).
   Int+3:     It affects your intelligence (+3).
   Fly:       It grants you flight.
   Regen+:    It increases your rate of health regeneration.
 i - a +1 tower shield (worn)
   (You took it off a vault guard on level 13 of the Dungeon)
 s - a +2 hat (worn)
   (You found it on level 12 of the Dungeon)
 K - a +2 pair of boots of stealth (worn)
   (You found it on level 3 of the Vaults)
 X - a +2 cloak of preservation (worn)
   (You bought it in a shop in a bazaar)
 Z - the +10 plate armour "Buwiol" (worn) {Str+3 Dex+4}
   (You found it on level 5 of the Lair of Beasts)

   Str+3:     It affects your strength (+3).
   Dex+4:     It affects your dexterity (+4).
Jewellery
 e - the ring of the Tortoise (right hand) {AC+8}
   (You found it on level 5 of the Pits of Slime)

   [ring of protection]

   AC+8:      It affects your AC (+8).
 u - an amulet of reflection (around neck)
   (You found it on level 5 of the Pits of Slime)
 R - a ring of willpower
   (You found it on level 5 of the Lair of Beasts)
 T - a ring of poison resistance
   (You took it off Urug on level 5 of the Lair of Beasts)
 W - the ring of Inegamue (left hand) {^Contam rF+ rC+++ Stlth+}
   (You bought it in a shop on level 1 of the Vaults)

   [ring of protection from fire]

   rF+:       It protects you from fire.
   rC+++:     It renders you almost immune to cold.
   ^Contam:   It causes magical contamination when unequipped.
   Stlth+:    It makes you more stealthy.
Wands
 a - a wand of polymorph (17)
   (You found it on level 2 of the Depths)
 p - a wand of mindburst (42) (quivered)
   (You found it on level 3 of the Swamp)
 v - a wand of digging (7)
   (You found it on level 6 of the Dungeon)
 x - a wand of acid (18)
   (You found it on level 1 of the Swamp)
 E - a wand of warping (38)
   (You found it on level 10 of the Dungeon)
 N - a wand of charming (44)
   (You found it on level 10 of the Dungeon)
Scrolls
 b - 7 scrolls of immolation {!r}
 f - 2 scrolls of silence
 l - 8 scrolls of fear
 m - 9 scrolls of teleportation {@r4}
 n - 2 scrolls of blinking
 o - 10 scrolls of poison {!r}
 q - 7 scrolls of noise {!r}
 t - a scroll of enchant armour
 y - 5 scrolls of fog
 F - 3 scrolls of butterflies
 M - 6 scrolls of revelation
 U - 4 scrolls of vulnerability {!r}
 Y - a scroll of torment {!r}
Potions
 c - 12 potions of mutation {!q}
 d - 2 potions of might
 j - 2 potions of resistance
 k - 6 potions of ambrosia
 r - 16 potions of brilliance
 A - 22 potions of curing {@q1}
 D - 4 potions of heal wounds {@q2}
 H - 2 potions of cancellation
 J - a potion of magic
 L - 2 potions of berserk rage
 O - 6 potions of invisibility
 S - 8 potions of lignification {!q}
 V - 5 potions of enlightenment
Miscellaneous
 g - a lightning rod (4/4) {!a}
   (You found it on level 14 of the Dungeon)
 w - a box of beasts
   (You found it on level 3 of the Vaults)
 G - a tin of tremorstones (inert)
   (You found it in a wizard's laboratory)
 P - a phantom mirror
   (You found it on level 4 of the Vaults)
 Q - a phial of floods
   (You found it on level 14 of the Dungeon)


   Skills:
 + Level 25.2 Fighting
 - Level 17.0(18.0) Axes
 - Level 9.7(14.5) Polearms
 - Level 20.0 Armour
 - Level 15.0 Dodging
 - Level 20.0 Shields
 O Level 27 Invocations
 - Level 15.0 Evocations


You had 24 spell levels left.
You didn't know any spells.
Your spell library contained the following spells:

 Spells                   Type           Power      Damage    Failure   Level
 Apportation              Tloc           0%         N/A       95%         1
 Foxfire                  Conj/Fire      0%         2x1d4     95%         1
 Freeze                   Ice            0%         1d3       95%         1
 Kiss of Death            Conj/Necr      0%         2d5       95%         1
 Necrotise                Necr           0%         1d4       95%         1
 Sandblast                Erth           0%         2d4       95%         1
 Slow                     Hex            0%         N/A       95%         1
 Sting                    Conj/Alch      0%         1d3       95%         1
 Summon Small Mammal      Summ           0%         N/A       95%         1
 Blink                    Tloc           0%         N/A       98%         2
 Call Imp                 Summ           0%         N/A       98%         2
 Ensorcelled Hibernation  Hex/Ice        0%         N/A       98%         2
 Jinxbite                 Hex            0%         N/A       98%         2
 Lesser Beckoning         Tloc           0%         N/A       98%         2
 Mercury Vapours          Alch/Air       0%         N/A       98%         2
 Momentum Strike          Conj/Tloc      0%         3d8       98%         2
 Static Discharge         Conj/Air       0%         3-3/arc   98%         2
 Sublimation of Blood     Necr           0%         N/A       98%         2
 Confusing Touch          Hex            0%         N/A       100%        3
 Frozen Ramparts          Ice            0%         1d1       100%        3
 Fugue of the Fallen      Necr           0%         N/A       100%        3
 Gell's Gravitas          Tloc           0%         N/A       100%        3
 Hailstorm                Conj/Ice       0%         3d5       100%        3
 Mephitic Cloud           Conj/Alch/Air  0%         N/A       100%        3
 Passwall                 Erth           0%         N/A       100%        3
 Sigil of Binding         Hex            0%         N/A       100%        3
 Stone Arrow              Conj/Erth      0%         3d7       100%        3
 Summon Ice Beast         Ice/Summ       0%         N/A       100%        3
 Teleport Other           Tloc           0%         N/A       100%        3
 Vampiric Draining        Necr           0%         2d6       100%        3
 Volatile Blastmotes      Fire/Tloc      0%         2d10      100%        3
 Airstrike                Air            0%         2d(0-16)  100%        4
 Anguish                  Hex/Necr       0%         N/A       100%        4
 Animate Armour           Summ/Erth      0%         N/A       100%        4
 Brom's Barrelling Bould  Conj/Erth      0%         2d3       100%        4
 Cause Fear               Hex            0%         N/A       100%        4
 Fulminant Prism          Conj/Alch      0%         3d5       100%        4
 Ignite Poison            Fire/Alch      0%         N/A       100%        4
 Iskenderun's Mystic Bla  Conj/Tloc      0%         2d3       100%        4
 Manifold Assault         Tloc           0%         N/A       100%        4
 Sticky Flame             Fire/Alch      0%         2d4       100%        4
 Summon Lightning Spire   Summ/Air       0%         N/A       100%        4
 Fireball                 Conj/Fire      0%         3d3       100%        5
 Freezing Cloud           Conj/Ice/Air   0%         6-21      100%        5
 Lee's Rapid Deconstruct  Erth           0%         3d4*      100%        5
 Summon Forest            Summ/Tloc      0%         N/A       100%        5
 Summon Mana Viper        Hex/Summ       0%         N/A       100%        5
 Yara's Violent Unravell  Hex/Alch       0%         3d3       100%        5
 Bombard                  Conj/Erth      0%         9d1       100%        6
 Conjure Ball Lightning   Conj/Air       0%         3x3d6     100%        6
 Dispersal                Tloc           0%         N/A       100%        6
 Eringya's Noxious Bog    Alch           0%         4d6       100%        6
 Plasma Beam              Fire/Air       0%         2x1d10    100%        6
 Sculpt Simulacrum        Ice/Alch       0%         N/A       100%        6
 Starburst                Conj/Fire      0%         6d3       100%        6
 Enfeeble                 Hex            0%         N/A       100%        7
 Haunt                    Necr/Summ      0%         N/A       100%        7
 Monstrous Menagerie      Summ           0%         N/A       100%        7
 Orb of Destruction       Conj           0%         9d5       100%        7
 Summon Hydra             Summ           0%         N/A       100%        7
 Discord                  Hex            0%         N/A       100%        8
 Disjunction              Tloc           0%         N/A       100%        8
 Ignition                 Fire           0%         3d3       100%        8
 Infestation              Necr           0%         N/A       100%        8
 Dragon's Call            Summ           0%         N/A       100%        9
 Animate Dead             Necr           Unusable   N/A       N/A         4
 Death Channel            Necr           Unusable   N/A       N/A         6

Dungeon Overview and Level Annotations

Branches:
Dungeon (15/15)            Temple (0/1) D:5            Lair (5/5) D:8
  Swamp (4/4) Lair:2       Spider (4/4) Lair:3        Slime (5/5) Lair:4
    Orc (2/2) D:11            Elf (2/3) Orc:2        Vaults (5/5) D:13
  Crypt (0/3) Vaults:2     Depths (4/4) D:15            Zot (5/5) Depths:4
 WizLab (visited)

Altars:
Ashenzari
Kikubaaqudgha
Nemelex Xobeh
Qazlal
Ru
Sif Muna
Trog
Vehumet
Xom
Yredelemnul
The Shining One
Beogh
Jiyva

Shops:
D:12 =   D:15 :   Orc:2 [=(*   Elf:1 [   Vaults:1 *?=[   Vaults:4 [

Portals:
Hell: Depths:1 Depths:2 Depths:3 Depths:4
Abyss: Depths:3
Pandemonium: Depths:2 Depths:4
Ziggurat: Depths:3

Annotations:
D:5 2 transporters, Ge0ff's ghost, novice MDSu
D:6 2 transporters, wilfster70's ghost, novice GnHW
Elf:2 Aizul
Depths:2 2 runed translucent doors
Depths:4 2 transporters, Konar's ghost, veteran CoHu


Innate Abilities, Weirdness & Mutations

You have a pair of horns on your head.
You reflexively headbutt those who attack you in melee.
You are clumsy. (Dex -2)
Your magical capacity is low. (-10% MP)
You occasionally shout uncontrollably at your foes.
You are very weak. (Str -4)
You are vulnerable to cold. (rC-)


Message History

You regained 2 hp, and now have 235/250 hp.
Your spectral tormentor hits the blizzard demon. x2
There is a stone staircase leading up here.
Your spectral tormentor closely misses the blizzard demon.
Your spectral tormentor hits the blizzard demon but does no damage.
You fly upwards.
Level annotation: 2 transporters, wilfster70's ghost, novice GnHW
There is a stone staircase leading down here.
You regained 4 hp, and now have 241/250 hp.
You regained 2 hp, and now have 244/250 hp.
You regained 2 hp, and now have 247/250 hp.
Health restored: 250 An Ulaclim, a hellwing and a ynoxinul come into view.
The ynoxinul bellows!
There is a stone staircase leading up here.
Ulaclim gestures.
You fly upwards.
Level annotation: 2 transporters, Ge0ff's ghost, novice MDSu The orc wizard shouts!
Ge0ff's ghost turns its malevolent gaze towards you.
You hear a shout!
There is a stone staircase leading down here.
There is a stone staircase leading up here.
You fly upwards.
There is a stone staircase leading down here.
There is a stone staircase leading down here.
You see here a granite talisman.
There is a stone staircase leading up here.
You fly upwards.
There is a stone staircase leading down here.
There is a stone staircase leading up here.
You fly upwards.
There is a stone staircase leading down here.
There is a stone staircase leading up here.
You fly upwards.
There is a stone staircase leading down here.
Press: ? - help, Shift-Dir - straight line A rock wall.
This square is wreathed by an umbra and is covered in magical glow.
The rock shatters into small pieces.
Press: ? - help, Shift-Dir - straight line A rock wall.
This square is wreathed by an umbra and is covered in magical glow.
The rock shatters into small pieces.
There is a fountain of sparkling water here.
There is an open door here.
There is an open door here.
There is an open door here.
There is a staircase leading out of the dungeon here.
You have escaped!

#.# #.......######### #.#
#........⌠......#
#.#####..#.####~~~..#.#######
####..........##.#####.#........
#>......###.#.##.#...#.###.#####
##.#####.# #...#..'.♣.'.# #.#
......##.# ###.#'##...#.# #.#
##.......# #.#..#####.###.#
##.......# #.#@.# ♣♣♣.#...# ##
......#÷## #.#### ♣⌠..##..# #.
##.##.#.######.#####♣♣♣.....####.
##.##.#............######.....##†
...##.#...............#######...)
#####.#.....|............#.....#.
#####.########....###.##.#..##.#.
......# ######........##.#..##.#.
#####.# #........#######....##.##


There were no monsters in sight!

Vanquished Creatures
  the Royal Jelly (Slime:5)
  3 dread liches (Zot:5)
  3 orbs of fire (Zot:5)
  2 ancient liches
  the Lernaean hydra (Swamp:4)
  2 Killer Klowns (Zot:5)
  A curse toe (Zot:1)
  5 caustic shrikes (Depths:4)
  A bone dragon (Depths:2)
  7 tentacled monstrosities
  2 electric golems
  A moon troll (WizLab)
  2 liches
  16 Orb Guardians
  5 titans
  5 quicksilver dragons
  19 acid blobs
  An Executioner (Depths:2)
  Frances (Spider:2)
  4 sphinxes
  8 tentacled starspawn (WizLab)
  8 tengu reavers
  A death cob (Zot:4)
  14 storm dragons
  6 shadow dragons
  5 rockslimes (Slime:5)
  2 draconian monks
  An emperor scorpion (Spider:4)
  7 azure jellies (Slime:5)
  5 fire giants
  14 frost giants
  An iron dragon (Depths:3)
  2 draconian knights
  2 deep elf sorcerers
  A caustic shrike zombie (Depths:4)
  14 vault wardens
  5 ghost moths
  A draconian shifter (Zot:1)
  4 draconian scorchers
  11 ironbound preservers
  A cacodemon (WizLab)
  A deep elf elementalist (Elf:1)
  8 broodmothers
  An orc warlord (Orc:2)
  A reaper (Depths:2)
  22 very ugly things
  14 quicksilver oozes
  A draconian stormcaller (Zot:4)
  6 formless jellyfish
  18 stone giants
  9 ironbound thunderhulks
  2 black draconians
  2 vampire knights
  2 green draconians
  3 bunyips
  14 dire elephants
  6 spark wasps
  An eleionoma (Swamp:1)
  A deep elf annihilator (Vaults:5)
  3 red draconians
  2 white draconians
  12 yellow draconians
  4 war gargoyles
  Snorg (Orc:1)
  7 ettins
  4 fire dragons
  A shambling mangrove (Swamp:1)
  3 crystal guardians
  3 jiangshi (Depths:4)
  A blizzard demon (Depths:4)
  12 yaktaur captains
  3 deep elf high priests (Vaults:5)
  6 great orbs of eyes
  2 rakshasas
  41 vault guards
  9 ice dragons
  A jorogumo (Spider:2)
  6 entropy weavers
  A hell beast (Depths:2)
  10 hydras
  6 ironbound frosthearts
  A death knight (D:15)
  5 spriggan air magi
  A peacekeeper (Vaults:2)
  An ogre mage (Vaults:5)
  6 dancing weapons
  5 two-headed ogres
  2 boulder beetles
  9 centaur warriors
  9 alligators
  2 radroaches
  2 satyrs (shapeshifter)
  3 tengu warriors
  4 deep troll shamans
  5 demonic crawlers
  A vampire mage (Depths:4)
  An occultist (Depths:3)
  4 deep troll earth magi
  A hell hog (Depths:2)
  6 spriggan berserkers
  5 death yaks
  7 hell knights
  3 orc high priests
  A soul eater (Depths:4)
  9 deep elf knights
  A sun demon (Depths:4)
  2 wretched stars (WizLab)
  Sonja (D:11)
  A skyshark (Lair:4)
  4 skeletal warriors (D:12)
  4 pharaoh ants
  4 spriggan druids
  56 deep trolls
  6 glowing orange brains
  A quicksilver dragon simulacrum (Depths:2)
  A sixfirhy (Zot:3)
  2 goliath frogs
  5 arcanists
  2 flayed ghosts
  6 iron trolls
  3 spriggan riders
  An orange crystal statue (WizLab)
  3 orb spiders
  5 bog bodies
  5 steelbarb worms
  A sun moth (Spider:2)
  9 orc knights
  3 deep elf archers
  2 mana vipers (shapeshifter)
  6 lindwurms
  5 thermic dynamos
  7 swamp dragons
  3 starcursed masses (WizLab)
  14 deep elf pyromancers
  18 ironbound convokers
  12 deep elf zephyrmancers
  14 wolf spiders
  A stone giant zombie (Vaults:3)
  2 oklob plants
  A faun (shapeshifter) (Depths:4)
  An obsidian bat (Orc:1)
  2 orc sorcerers (Vaults:1)
  39 ugly things
  4 shining eyes
  4 cyclopes
  2 necromancers
  A salamander (Depths:3)
  7 elephants
  4 manticores
  6 meliai
  A will-o-the-wisp (Swamp:3)
  A kobold blastminer (Orc:1)
  10 moths of wrath
  6 eyes of devastation
  18 vault sentinels
  Maggie (D:9)
  2 smoke demons
  A water nymph (shapeshifter) (Vaults:3)
  2 torpor snails (Lair:5)
  A cane toad (shapeshifter) (D:15)
  A gargoyle (D:13)
  5 komodo dragons
  2 efreet (D:14)
  3 rime drakes (Lair:4)
  8 cane toads
  30 yaktaurs
  3 tormentors
  4 trolls
  2 tengu conjurers (Depths:2)
  A bloated husk (Swamp:4)
  9 hornets
  A merfolk (D:13)
  A tarantella (shapeshifter) (Vaults:5)
  10 polar bears
  5 glass eyes
  6 tyrant leeches
  Grinder (D:5)
  16 tarantellas
  18 blink frogs
  5 dream sheep (Lair:5)
  A raiju (Lair:5)
  A snapping turtle (shapeshifter) (Vaults:4)
  A slime creature (shapeshifter) (Vaults:5)
  21 jumping spiders
  A shadow (D:12)
  2 water elementals
  An air elemental (Elf:1)
  3 ynoxinuls
  6 spriggans
  7 culicivoras
  A fire elemental (Elf:2)
  19 yaks
  4 basilisks
  2 vampires
  4 wraiths
  59 slime creatures
  9 hogs (Lair:5)
  4 spectral humans (Vaults:3)
  A spectral yaktaur (Vaults:3)
  4 wyverns
  4 fire bats (D:8)
  6 vampire mosquitoes
  26 redbacks
  4 wargs
  4 neqoxecs (WizLab)
  15 swamp worms
  9 water moccasins
  11 hell hounds
  20 orc warriors
  2 swamp drakes (Swamp:4)
  An ice beast (D:7)
  A sky beast (D:6)
  3 human zombies (Vaults:3)
  8 black bears
  24 wolves
  11 centaurs
  6 ogres
  2 boggarts (D:14)
  2 kobold brigands
  A gnoll sergeant (D:12)
  9 bullfrogs
  5 earth elementals
  5 scorpions
  3 wights (D:8)
  2 electric eels (D:11)
  4 howler monkeys
  2 bombardier beetles
  2 lava snakes (D:8)
  3 hounds (D:6)
  23 jellies
  A gnoll bouda (D:6)
  2 iguanas
  10 orc priests
  4 sleepcaps
  Natasha (twice) (D:4)
  14 orc wizards
  14 gnolls
  7 adders
  3 shadow imps
  A white imp (D:6)
  10 ufetubi
  3 dart slugs
  2 ribbon worms
  36 orcs
  9 ball pythons
  10 endoplasms
  A giant cockroach (D:1)
  8 goblins
  7 hobgoblins
  8 jackals
  3 quokkas
  10 bats
  A frilled lizard (D:2)
  11 kobolds
  5 rats
  3 starspawn tentacles (WizLab)
1547 creatures vanquished.

Vanquished Creatures (collateral kills)
  A dread lich (Zot:5)
  A curse toe (Zot:4)
  4 tentacled monstrosities
  2 quicksilver dragons
  11 Orb Guardians (Zot:5)
  A sphinx (Vaults:2)
  11 acid blobs
  A death cob (Zot:5)
  3 tentacled starspawn (WizLab)
  2 shadow dragons (Vaults:5)
  The ghost of ViolentViolet the Marksgoblin, an adept CoHu of Dithmenos (D:14)
  3 storm dragons
  A rockslime (Slime:4)
  An azure jelly (Slime:5)
  A draconian monk (Zot:4)
  2 protean progenitors (Zot:5)
  2 tengu reavers (Vaults:5)
  A frost giant (Depths:3)
  4 fire giants
  3 emperor scorpions
  6 vault wardens
  2 draconian shifters
  An orc warlord (Vaults:4)
  2 spriggan defenders (Depths:3)
  A ghost moth (Spider:2)
  3 quicksilver oozes
  7 ironbound preservers
  11 stone giants
  6 very ugly things
  3 broodmothers
  3 formless jellyfish
  3 ironbound thunderhulks
  2 vampire knights
  An eleionoma (Swamp:1)
  2 black draconians
  2 green draconians (Depths:4)
  4 dire elephants
  2 yellow draconians (Zot:4)
  3 purple draconians
  2 white draconians
  A deep elf annihilator (D:15)
  2 spark wasps (Depths:3)
  A bunyip (Swamp:4)
  A blizzard demon (Depths:2)
  7 ettins
  2 entropy weavers (Spider:4)
  7 yaktaur captains
  6 fire dragons
  4 great orbs of eyes
  6 vault guards
  A jorogumo (Spider:4)
  2 ogre magi (Vaults:5)
  4 ice dragons
  A ghost crab (Swamp:4)
  An anaconda (Lair:5)
  2 two-headed ogres (shapeshifter) (Vaults:5)
  2 radroaches (Spider:2)
  An alligator (Swamp:4)
  5 hydras
  2 ironbound frosthearts (Vaults:2)
  3 centaur warriors
  4 boulder beetles
  2 two-headed ogres
  2 death yaks (Lair:4)
  4 deep troll shamans
  2 tengu warriors
  An orc high priest (Orc:2)
  A hell hog (Lair:5)
  2 demonic crawlers
  Urug (Lair:5)
  A spriggan berserker (Depths:1)
  2 deep troll earth magi
  A soul eater (Depths:2)
  5 hell knights
  A deep elf knight (Elf:1)
  An iron troll (Depths:3)
  A skeletal warrior (D:12)
  2 spriggan riders
  5 glowing orange brains
  3 pharaoh ants
  15 deep trolls
  A flayed ghost (Vaults:2)
  2 spriggan druids
  A sun moth (Spider:2)
  2 lindwurms (Vaults:3)
  5 orb spiders
  2 arcanists
  3 deep elf archers (Elf:1)
  2 ironbound convokers
  3 swamp dragons
  A bog body (Swamp:1)
  A phantasmal warrior (Vaults:5)
  A steelbarb worm (Spider:4)
  3 deep elf pyromancers
  2 deep elf zephyrmancers (D:15)
  A sea snake (shapeshifter) (Depths:4)
  An orc sorcerer (Vaults:1)
  8 wolf spiders
  14 ugly things
  2 shining eyes
  3 cyclopes
  A will-o-the-wisp (Swamp:1)
  2 elephants (Lair:2)
  A frost giant zombie (Depths:2)
  2 meliai
  4 moths of wrath
  4 kobold blastminers
  4 black mambas
  2 eyes of devastation (WizLab)
  5 torpor snails
  11 vault sentinels
  A water nymph (shapeshifter) (Vaults:5)
  5 cane toads
  9 yaktaurs
  6 komodo dragons
  A kobold demonologist (D:11)
  A tengu conjurer (Depths:3)
  Psyche (D:12)
  A troll (Orc:2)
  3 polar bears (Lair:5)
  5 tyrant leeches
  Prince Ribbit (D:5)
  15 tarantellas
  12 hornets
  3 glass eyes
  9 blink frogs
  A jumping spider zombie (Spider:1)
  2 raiju (Lair:5)
  A dream sheep (Lair:5)
  57 slime creatures
  13 jumping spiders
  10 culicivoras
  6 spriggans
  2 hogs (Lair:5)
  3 wraiths
  11 yaks
  3 wyverns
  A fire elemental (D:8)
  5 basilisks
  3 wargs
  21 redbacks
  A neqoxec (WizLab)
  A steam dragon (Lair:3)
  4 swamp worms
  An acid dragon (D:9)
  8 water moccasins
  4 hell hounds (Lair:5)
  4 swamp drakes (Swamp:4)
  An ice beast (D:8)
  4 black bears (Lair:5)
  A laughing skull (D:14)
  6 orc warriors
  A boggart (D:14)
  6 wolves
  An ogre (D:4)
  2 centaurs
  A wolf (shapeshifter) (Vaults:5)
  5 bullfrogs
  A gnoll sergeant (D:10)
  A wight (D:8)
  A bombardier beetle (D:5)
  A crimson imp (D:13)
  4 jellies
  Crazy Yiuf (D:5)
  An orc wizard (Orc:1)
  Natasha (D:4)
  6 gnolls
  An adder (D:5)
  2 shadow imps
  16 orcs
  2 jackals
  2 kobolds (D:6)
  An aspiring flesh (Zot:5)
  2 butterflies (D:5)
  2 starspawn tentacles (WizLab)
641 creatures vanquished.

Vanquished Creatures (others)
  A dread lich (Zot:5)
  A lich (Depths:4)
  A spectral orc (Vaults:2)
  A vault warden (Vaults:5)
  3 spectral tentacled monstrosities
  3 caustic shrike zombies (Depths:4)
  A Killer Klown zombie (Zot:5)
  A spectral dwarf (Spider:1)
  spectral Mlioglotl (Spider:2)
  2 spectral humans
  2 spectral acid blobs (Slime:5)
  2 acid blob zombies
  6 very ugly thing zombies
  An ettin (Vaults:5)
  5 quicksilver dragon zombies
  A spectral ogre (Vaults:3)
  A vault guard (Vaults:5)
  7 Orb Guardian zombies (Zot:5)
  A sphinx zombie (Depths:4)
  An ogre mage (Vaults:5)
  A spriggan air mage (Depths:3)
  A titan zombie (Vaults:5)
  A quicksilver ooze zombie (Slime:5)
  2 emperor scorpion zombies (Spider:4)
  9 storm dragon zombies
  5 spark wasp zombies (Depths:3)
  A ghost moth zombie (Spider:4)
  An anaconda zombie (Lair:5)
  A spectral cacodemon (WizLab)
  An ironbound convoker (Vaults:5)
  11 wolf spider zombies
  A deep elf pyromancer (Elf:2)
  3 shadow dragon zombies (Vaults:5)
  16 ugly thing zombies
  3 broodmother zombies
  2 fire giant zombies
  3 frost giant zombies
  An ugly thing (Depths:4)
  6 stone giant zombies
  An elephant (shapeshifter) (Vaults:5)
  4 draconian zombies
  8 dire elephant zombies
  A spectral rakshasa (Depths:2)
  A formless jellyfish zombie (Slime:5)
  A mana viper zombie (Vaults:4)
  A steelbarb worm zombie (Spider:3)
  A cane toad (Lair:3)
  2 orb spider zombies
  2 yellow draconian zombies (Zot:4)
  A green draconian zombie (Zot:1)
  3 purple draconian zombies
  A black draconian zombie (Zot:5)
  A red draconian zombie (Zot:1)
  13 redback zombies
  An iron troll zombie (Depths:2)
  45 human zombies
  A hydra zombie (Swamp:4)
  A moth of wrath zombie (Zot:1)
  2 demonic crawler zombies
  3 great orb of eyes zombies
  9 tarantella zombies
  A sun moth zombie (Spider:2)
  3 culicivora zombies
  A radroach zombie (Spider:2)
  7 jumping spider zombies
  A boulder beetle zombie (D:14)
  2 fire dragon zombies
  2 meliai zombies
  A black mamba zombie (Lair:4)
  6 ice dragon zombies
  An ettin zombie (Depths:2)
  A water elemental (Elf:1)
  15 slime creature zombies
  A spectral tormentor (Depths:2)
  A tyrant leech zombie (Lair:2)
  2 fire bat zombies (D:8)
  2 two-headed ogre zombies
  26 deep troll zombies
  2 cane toad zombies
  6 tengu zombies
  A spectral smoke demon (Depths:2)
  2 entropy weaver zombies
  2 dream sheep zombies (Lair:5)
  4 hornet zombies
  5 lindwurm zombies
  2 swamp dragon zombies (Swamp:4)
  2 elephant zombies
  A manticore zombie (D:13)
  26 elf zombies
  4 blink frog zombies
  2 torpor snail zombies (Lair:5)
  4 hog zombies (Lair:5)
  2 komodo dragon zombies
  A spectral neqoxec (WizLab)
  14 yaktaur zombies
  2 cyclops zombies (D:14)
  A hell hound zombie (Lair:5)
  4 wyvern zombies
  2 warg zombies
  2 water moccasin zombies (Lair:5)
  2 raiju zombies (Lair:5)
  A troll zombie (Orc:2)
  3 yak zombies (Lair:5)
  2 polar bear zombies (Lair:5)
  13 spriggan zombies
  9 wolf zombies
  2 black bear zombies (Lair:5)
  10 centaur zombies
  A basilisk zombie (Lair:5)
  A scorpion zombie (D:5)
  An ice beast zombie (D:8)
  2 ogre zombies
  A swamp drake zombie (Swamp:4)
  4 jelly zombies
  A spectral shadow imp (D:5)
  A dart slug zombie (D:3)
  8 gnoll zombies
  A hobgoblin zombie (D:4)
  4 kobold zombies
  33 orc zombies
  A spectral ufetubus (D:11)
  6 foxfires
  17 starspawn tentacles (WizLab)
502 creatures vanquished.

Grand Total: 2690 creatures vanquished

Notes
Turn   | Place    | Note
-------+----------+-------------------------------------------
     0 | D:1      | fpsbossfight the Minotaur Fighter began the quest for the
                  | Orb.
     0 | D:1      | Reached XP level 1. HP: 19/19 MP: 0/0
    65 | D:1      | Reached XP level 2. HP: 26/27 MP: 1/1
   632 | D:1      | Reached XP level 3. HP: 33/33 MP: 2/2
   805 | D:2      | Found a faded altar of an unknown god.
   968 | D:2      | Identified the +8 ring mail of Qebumoh {rPois rC+ Str+2}
  1558 | D:3      | Found a basalt altar of Yredelemnul.
  1572 | D:3      | Became a worshipper of Yredelemnul the Fallen
  1598 | D:3      | Reached XP level 4. HP: 41/41 MP: 3/3
  1678 | D:3      | Reached skill level 5 in Axes
  1777 | D:3      | Found a shimmering altar of Xom.
  1791 | D:3      | Noticed a scorpion
  1796 | D:3      | Killed a scorpion
  1797 | D:3      | Reached skill level 5 in Fighting
  1797 | D:3      | Reached XP level 5. HP: 48/48 MP: 4/4
  2027 | D:3      | Found a broken altar of Ashenzari.
  2226 | D:4      | Reached XP level 6. HP: 56/56 MP: 5/5
  2273 | D:4      | Reached * piety under Yredelemnul
  2395 | D:4      | Noticed Natasha
  2405 | D:4      | Killed Natasha
  2408 | D:4      | Noticed Natasha
  2420 | D:4      | Killed Natasha
  2603 | D:4      | Reached XP level 7. HP: 42/64 MP: 6/6
  2840 | D:4      | Noticed Natasha
  2842 | D:4      | Killed Natasha
  2997 | D:5      | Entered Level 5 of the Dungeon
  3006 | D:5      | Found a staircase to the Ecumenical Temple.
  3015 | D:5      | Reached ** piety under Yredelemnul
  3032 | D:5      | Found a shimmering blue altar of Sif Muna.
  3086 | D:5      | Found a runed translucent door.
  3087 | D:5      | Noticed Crazy Yiuf
  3119 | D:5      | Noticed Prince Ribbit
  3120 | D:5      | Noticed Grinder
  3121 | D:5      | Paralysed by Grinder for 2 turns
  3133 | D:5      | Reached XP level 8. HP: 50/73 MP: 2/7
  3138 | D:5      | Killed Grinder
  3149 | D:5      | Killed Prince Ribbit
  3150 | D:5      | Reached skill level 10 in Axes
  3263 | D:5      | Found a glowing golden altar of the Shining One.
  3359 | D:5      | Noticed Ge0ff's ghost (novice MDSu)
  3360 | D:5      | Found a transporter.
  3431 | D:5      | Found a transporter.
  3483 | D:5      | Killed Crazy Yiuf
  3799 | D:6      | Found a radiant altar of Vehumet.
  3860 | D:6      | Reached XP level 9. HP: 81/81 MP: 8/8
  4292 | D:6      | Found a transporter.
  4294 | D:6      | Identified the +5 great mace "Nacranae" {vamp, *Slow Fly
                  | rElec Dex+5}
  4294 | D:6      | Identified the +1 dire flail of the Red Skies {freeze,
                  | Str+5}
  4294 | D:6      | Noticed a two-headed ogre
  4294 | D:6      | Noticed wilfster70's ghost (novice GnHW)
  4296 | D:6      | Found a transporter.
  4907 | D:7      | Found a sacrificial altar of Ru.
  4913 | D:7      | Reached *** piety under Yredelemnul
  5156 | D:8      | Identified the ring of the Muttering Ancients {Fire Fly
                  | rPois Dex-2}
  5500 | D:8      | Found an ancient bone altar of Kikubaaqudgha.
  5608 | D:8      | Reached skill level 15 in Axes
  5693 | D:8      | Found a staircase to the Lair.
  5761 | D:8      | Reached XP level 10. HP: 88/88 MP: 9/9
  6255 | D:9      | Noticed Maggie
  6264 | D:9      | Killed Maggie
  6264 | D:9      | Reached **** piety under Yredelemnul
  6285 | D:9      | Reached skill level 5 in Armour
  6285 | D:9      | Reached skill level 1 in Dodging
  6582 | D:9      | Reached skill level 5 in Dodging
  6798 | D:9      | Noticed a two-headed ogre
  6805 | D:9      | Killed a two-headed ogre
  6806 | D:9      | Reached XP level 11. HP: 52/94 MP: 10/10
  7177 | D:10     | Entered Level 10 of the Dungeon
  7577 | D:10     | Noticed a two-headed ogre
  7591 | D:10     | Killed a two-headed ogre
  7778 | D:11     | Noticed a two-headed ogre
  7807 | D:11     | Killed a two-headed ogre
  7904 | D:11     | Noticed a two-headed ogre
  7912 | D:11     | Killed a two-headed ogre
  7926 | D:11     | Reached skill level 1 in Invocations
  7940 | D:11     | Reached skill level 2 in Invocations
  7961 | D:11     | Reached skill level 3 in Invocations
  8097 | D:11     | Reached skill level 4 in Invocations
  8186 | D:11     | Found a staircase to the Orcish Mines.
  8194 | D:11     | Found a roughly hewn altar of Beogh.
  8198 | D:11     | Reached ***** piety under Yredelemnul
  8465 | D:11     | Reached skill level 5 in Invocations
  8616 | D:11     | Reached skill level 6 in Invocations
  8765 | D:11     | Noticed Sonja
  8773 | D:11     | Killed Sonja
  8977 | Lair:1   | Entered Level 1 of the Lair of Beasts
  9032 | Lair:1   | Reached skill level 7 in Invocations
  9369 | Lair:1   | Reached XP level 12. HP: 90/101 MP: 16/16
  9450 | Lair:1   | Reached skill level 8 in Invocations
  9929 | Lair:2   | Found a staircase to the Swamp.
 10015 | Lair:2   | Identified the ring of the Leaf {*Corrode rC+ rN+++ Slay+2}
 10021 | Lair:2   | Reached skill level 10 in Dodging
 10035 | Lair:2   | Reached skill level 5 in Shields
 10224 | Lair:2   | Reached skill level 10 in Fighting
 11148 | Lair:3   | Reached skill level 9 in Invocations
 11148 | Lair:3   | Reached XP level 13. HP: 114/118 MP: 18/18
 11396 | Lair:3   | Found the +16 obsidian axe {drain, demonic, Mesm ^Drain Fly
                  | SInv}
 11707 | Lair:3   | Found a hole to the Spider Nest.
 12159 | Lair:4   | Found a staircase to the Slime Pits.
 12346 | Lair:4   | Reached skill level 10 in Invocations
 12382 | Lair:4   | Found a frozen archway.
 12556 | Lair:4   | Reached skill level 11 in Invocations
 12680 | Lair:4   | Reached ****** piety under Yredelemnul
 12797 | Lair:4   | Found a sacrificial altar of Ru.
 13132 | Lair:5   | Entered Level 5 of the Lair of Beasts
 13149 | Lair:5   | Reached skill level 12 in Invocations
 13151 | Lair:5   | Noticed Kirke
 13176 | Lair:5   | Killed Kirke
 13176 | Lair:5   | Bound Kirke
 13518 | Lair:5   | Noticed Urug
 13531 | Lair:5   | Killed Urug
 13626 | Lair:5   | Reached skill level 1 in Polearms
 13653 | Lair:5   | Reached XP level 14. HP: 129/133 MP: 22/22
 13714 | Lair:5   | Reached skill level 5 in Polearms
 13736 | Lair:5   | Your ally Kirke died
 14487 | Lair:5   | Reached skill level 15 in Fighting
 14809 | Lair:5   | Identified the +10 plate armour "Buwiol" {Str+3 Dex+4}
 15384 | D:12     | Found Jickaemequ's Jewellery Shop.
 15627 | D:12     | Noticed Psyche
 15631 | D:12     | Killed Psyche
 15709 | D:12     | Noticed Josephine
 15723 | D:12     | Killed Josephine
 15723 | D:12     | Bound Josephine
 15997 | Orc:1    | Entered Level 1 of the Orcish Mines
 16068 | Orc:1    | Noticed Snorg
 16073 | Orc:1    | Killed Snorg
 16077 | Orc:1    | Reached skill level 10 in Armour
 16390 | Orc:2    | Entered Level 2 of the Orcish Mines
 16461 | Orc:2    | Found Ydwewkuu's General Store.
 16529 | Orc:2    | Bought a scroll of identify for 20 gold pieces
 16557 | Orc:2    | Found a staircase to the Elven Halls.
 16580 | Orc:2    | Found a roughly hewn altar of Beogh.
 16608 | Orc:2    | Found Xidwuseo's Antique Armour Emporium.
 16622 | Orc:2    | Reached XP level 15. HP: 94/143 MP: 18/23
 16731 | Orc:2    | Found Buucesh's Jewellery Emporium.
 16820 | Orc:2    | Found Kenyir's Antique Weapon Shoppe.
 17739 | D:13     | Found a gate to the Vaults.
 17914 | D:14     | Found a transporter.
 17915 | D:14     | Found a bloodstained altar of Trog.
 17929 | D:14     | Reached skill level 15 in Armour
 17937 | D:14     | Noticed ViolentViolet's ghost (adept CoHu)
 17940 | D:14     | Found a transporter.
 18093 | D:14     | Identified the +2 leather armour of Polish {rCorr Int+2
                  | Slay+4}
 18524 | D:14     | Your ally Josephine died
 18532 | D:14     | Killed ViolentViolet's ghost
 18582 | D:15     | Entered Level 15 of the Dungeon
 18668 | D:15     | Found a staircase to the Depths.
 18717 | D:15     | Reached XP level 16. HP: 84/151 MP: 20/24
 18938 | D:15     | Noticed Rupert
 18963 | D:15     | Killed Rupert
 18963 | D:15     | Bound Rupert
 19078 | D:15     | Found Rudieps's Self-Published Books.
 19776 | Swamp:1  | Entered Level 1 of the Swamp
 19799 | Swamp:1  | Reached skill level 10 in Shields
 20854 | Swamp:2  | Identified a scroll of acquirement
 20867 | Swamp:2  | Acquired 1127 gold pieces
 21714 | Spider:1 | Entered Level 1 of the Spider Nest
 21715 | Spider:1 | Noticed Jorgrun
 21723 | Spider:1 | Killed Jorgrun
 21723 | Spider:1 | Bound Jorgrun
 21731 | Spider:1 | Reached skill level 15 in Shields
 21751 | Spider:1 | Your ally Jorgrun died
 21759 | Spider:1 | Reached skill level 5 in Evocations
 22122 | Spider:1 | Reached XP level 17. HP: 158/158 MP: 25/25
 22238 | Spider:2 | Noticed Mlioglotl
 22246 | Spider:2 | Killed Mlioglotl
 22246 | Spider:2 | Bound Mlioglotl
 22331 | Spider:2 | Noticed Frances
 22339 | Spider:2 | Killed Frances
 22603 | Spider:2 | Reached skill level 13 in Invocations
 22644 | Spider:2 | Identified the +4 whip of Division {antimagic, rC++ rN+
                  | rCorr Dex-3}
 22987 | Spider:2 | Your ally Frances died
 23002 | Spider:2 | Your ally Mlioglotl died
 23635 | Spider:3 | Reached skill level 14 in Invocations
 24033 | Spider:4 | Entered Level 4 of the Spider Nest
 24474 | Spider:4 | Identified the +0 hat "Qoqedakk" {rN+}
 24649 | Spider:4 | Reached skill level 15 in Invocations
 24662 | Spider:4 | Reached XP level 18. HP: 130/166 MP: 23/28
 24677 | Spider:4 | Reached skill level 10 in Evocations
 24795 | Spider:4 | Got a gossamer rune of Zot
 25289 | Swamp:4  | Entered Level 4 of the Swamp
 25358 | Swamp:4  | Reached skill level 16 in Invocations
 25417 | Swamp:4  | Noticed the 27-headed Lernaean hydra
 25424 | Swamp:4  | Killed the 27-headed Lernaean hydra
 25470 | Swamp:4  | Got a decaying rune of Zot
 25484 | Swamp:4  | Identified the +4 war axe of Articulation {spect, rN++
                  | rCorr Str+5}
 26158 | Elf:1    | Entered Level 1 of the Elven Halls
 26648 | Elf:1    | Got the Octavo of Conjuration
 26743 | Elf:1    | Found Zogaan Lesa's Armour Shoppe.
 27230 | Elf:2    | Found a flickering gateway to a bazaar.
 27236 | Bazaar   | Entered a bazaar
 27338 | Bazaar   | Found Deson's Book Shop.
 27354 | Bazaar   | Found Ovvoddeu's Antique Armour Shop.
 27400 | Bazaar   | Bought a glowing plate armour for 546 gold pieces
 27400 | Bazaar   | Bought a runed plate armour for 546 gold pieces
 27400 | Bazaar   | Bought a pair of runed gloves for 157 gold pieces
 27400 | Bazaar   | Bought a runed cloak for 157 gold pieces
 27880 | Elf:2    | Found a runed translucent gate.
 27880 | Elf:2    | Found a runed translucent gate.
 27881 | Elf:2    | Found a runed translucent gate.
 27972 | Elf:2    | Identified the serpent talisman of Rivoutur {Dex+2}
 27972 | Elf:2    | Noticed Aizul
 28226 | Vaults:1 | Entered Level 1 of the Vaults
 28289 | Vaults:1 | Found Jistru's General Store.
 28311 | Vaults:1 | Bought a scroll of immolation for 76 gold pieces
 28327 | Vaults:1 | Noticed Saint Roka
 28350 | Vaults:1 | Reached XP level 19. HP: 15/172 MP: 27/30
 28362 | Vaults:1 | Killed Saint Roka
 28362 | Vaults:1 | Bound Saint Roka
 28665 | Vaults:1 | Found Ecrol's Antique Armour Shop.
 28673 | Vaults:1 | Bought a pair of ichor-stained gloves for 285 gold pieces
 28673 | Vaults:1 | Identified the +2 pair of gloves of Cheibriados's Pride
                  | {rElec rF+} (You bought it in a shop on level 1 of the
                  | Vaults)
 28693 | Vaults:1 | Found Kacve's Magic Scroll Boutique.
 28701 | Vaults:1 | Bought a scroll of enchant armour for 135 gold pieces
 28701 | Vaults:1 | Bought a scroll of enchant armour for 135 gold pieces
 28701 | Vaults:1 | Bought a scroll of blinking for 135 gold pieces
 28701 | Vaults:1 | Bought a scroll of acquirement for 936 gold pieces
 28701 | Vaults:1 | Acquired a manual of Invocations
 28716 | Vaults:1 | Found Lagoaz's Jewellery Shop.
 28721 | Vaults:1 | Bought the ring of Inegamue {^Contam rF+ rC+++ Stlth+} for
                  | 1091 gold pieces
 29622 | Vaults:2 | Reached skill level 17 in Invocations
 29824 | Vaults:2 | Found a staircase to the Crypt.
 29824 | Vaults:2 | Found an ancient bone altar of Kikubaaqudgha.
 29824 | Vaults:2 | Found a basalt altar of Yredelemnul.
 30079 | Vaults:2 | Your ally Saint Roka died
 30270 | Vaults:2 | Reached skill level 18 in Invocations
 30684 | Vaults:3 | Found a flickering gateway to a bazaar.
 30826 | Vaults:3 | Reached skill level 19 in Invocations
 30834 | Vaults:3 | Reached XP level 20. HP: 125/187 MP: 29/32
 31023 | Vaults:3 | Identified the amulet of Saothref {Acrobat rN+ SInv}
 31200 | Vaults:3 | Reached skill level 20 in Invocations
 31692 | Vaults:3 | Identified the +6 chain mail of Clean New Discoveries
                  | {Will+ Int+4 Slay+2}
 32073 | Vaults:4 | Found Jagaqey's Armour Boutique.
 32201 | Vaults:4 | Found a magical portal.
 32206 | WizLab   | Entered Lehudib's Moon Base
 32407 | WizLab   | Gained mutation: Your magical capacity is low. (-10% MP) [a
                  | neqoxec]
 32598 | WizLab   | Identified the ring "Meda" {rPois Will- rCorr Dex+5}
 32751 | WizLab   | Gained mutation: You are weak. (Str -2) [a neqoxec]
 32885 | WizLab   | Reached skill level 15 in Dodging
 32963 | WizLab   | Found a transporter.
 33182 | WizLab   | Found a transporter.
 33415 | WizLab   | Reached XP level 21. HP: 125/198 MP: 27/30
 33775 | Vaults:4 | Identified the +0 buckler of Naojuon {-Tele rElec rPois
                  | rC-}
 34250 | Vaults:4 | Identified the +4 flail "Embalmer" {venom, Fly Int-5 SInv}
 35006 | Depths:1 | Entered Level 1 of the Depths
 35269 | Depths:1 | Found a gateway to Hell.
 35603 | Depths:1 | Found a broken altar of Ashenzari.
 35660 | Depths:1 | Found a stormy altar of Qazlal.
 36043 | Depths:2 | Found a one-way gate leading to the halls of Pandemonium.
 36097 | Depths:2 | Upgraded the game from 0.32-a0-799-g95e1662365 to
                  | 0.32-a0-814-g0968bab981
 36213 | Depths:2 | Reached XP level 22. HP: 209/209 MP: 31/31
 36263 | Depths:2 | Paralysed by a vampire knight for 3 turns
 36375 | Depths:2 | Found a runed translucent door.
 36375 | Depths:2 | Found a runed translucent door.
 36375 | Depths:2 | Noticed a golden dragon
 36399 | Depths:2 | Found a runed translucent door.
 36718 | Depths:2 | Identified the staff "Xierivvi" {rPois Str+3 Necro Alchemy}
 36719 | Depths:2 | Identified the +1 sling "Peclanoysu" {heavy, rPois}
 36892 | Depths:3 | Found a one-way gate to the infinite horrors of the Abyss.
 37115 | Depths:3 | Found a sparkling altar of Nemelex Xobeh.
 37224 | Depths:3 | Found a one-way gateway to a ziggurat.
 37311 | Depths:3 | Acquired 592 gold pieces
 37350 | Depths:3 | Identified the blade talisman "Dayskuk" {rPois}
 37633 | Depths:4 | Entered Level 4 of the Depths
 37662 | Depths:4 | Reached skill level 15 in Evocations
 37694 | Depths:4 | Noticed a caustic shrike
 37694 | Depths:4 | Noticed a caustic shrike
 37694 | Depths:4 | Noticed a caustic shrike
 37694 | Depths:4 | Noticed a caustic shrike
 37694 | Depths:4 | Noticed a caustic shrike
 37694 | Depths:4 | Noticed an ancient lich
 37703 | Depths:4 | Killed a caustic shrike
 37708 | Depths:4 | Killed a caustic shrike
 37719 | Depths:4 | Killed an ancient lich
 37722 | Depths:4 | Killed a caustic shrike
 37730 | Depths:4 | Killed a caustic shrike
 37735 | Depths:4 | Killed a caustic shrike
 37757 | Depths:4 | Reached XP level 23. HP: 123/215 MP: 26/32
 37805 | Depths:4 | Found a gate to the Realm of Zot.
 37812 | Depths:4 | Reached skill level 21 in Invocations
 37945 | Depths:4 | Got a midnight gem with 136 turns to spare
 38015 | Depths:4 | Found a transporter.
 38016 | Depths:4 | Noticed a caustic shrike
 38016 | Depths:4 | Noticed a caustic shrike
 38018 | Depths:4 | Noticed Konar's ghost (veteran CoHu)
 38030 | Depths:4 | Found a transporter.
 39357 | Slime:1  | Entered Level 1 of the Pits of Slime
 39400 | Slime:1  | Found a viscous altar of Jiyva.
 39512 | Slime:2  | Reached skill level 22 in Invocations
 39730 | Slime:5  | Entered Level 5 of the Pits of Slime
 39731 | Slime:5  | Found the dreamshard necklace {Acrobat *Dream}
 39787 | Slime:5  | Noticed the Royal Jelly
 39812 | Slime:5  | Reached skill level 23 in Invocations
 39823 | Slime:5  | Killed the Royal Jelly
 39934 | Slime:5  | Identified the +1 pair of gloves "Edwoar" {Fly Regen+ Str+3
                  | Int+3}
 40111 | Slime:5  | Identified the +6 bardiche "Sarcophage" {speed, rPois
                  | Dex+3}
 40196 | Slime:5  | Found the ring of the Tortoise {AC+8}
 40225 | Slime:5  | Identified the +1 spear of Ambiguity {flame, Dex+4}
 40375 | Slime:5  | Identified the +11 flail of the Omega Point {elec, rPois
                  | Dex+3 Stlth+}
 40377 | Slime:5  | Got a slimy rune of Zot
 40875 | Vaults:1 | Bought gold dragon scales for 2400 gold pieces
 41036 | Vaults:5 | Entered Level 5 of the Vaults
 41069 | Vaults:5 | Reached skill level 24 in Invocations
 41074 | Vaults:5 | Reached XP level 24. HP: 221/224 MP: 27/34
 41114 | Vaults:5 | Reached skill level 25 in Invocations
 41720 | Vaults:5 | Got a silver rune of Zot
 41833 | Vaults:5 | Identified the +6 chain mail of Restlessness {rN+++ rCorr
                  | Int-3 Dex-3}
 42128 | Vaults:5 | Identified the +10 quarterstaff of Death's Door {heavy,
                  | *Corrode Int+5}
 42345 | Vaults:5 | Identified the +5 plate armour of Wufurris {Will- Dex+6}
 43036 | Zot:1    | Entered Level 1 of the Realm of Zot
 43046 | Zot:1    | Reached skill level 26 in Invocations
 44221 | Zot:4    | Reached skill level 27 in Invocations
 44250 | Zot:4    | Reached XP level 25. HP: 82/223 MP: 31/35
 44336 | Zot:5    | Entered Level 5 of the Realm of Zot
 44337 | Zot:5    | Noticed a dread lich
 44503 | Zot:5    | Noticed a dread lich
 44504 | Zot:5    | Noticed an orb of fire
 44507 | Zot:5    | Noticed an orb of fire
 44511 | Zot:5    | Killed a dread lich
 44512 | Zot:5    | Noticed a Killer Klown
 44516 | Zot:5    | Killed an orb of fire
 44517 | Zot:5    | Gained mutation: You occasionally shout uncontrollably at
                  | your foes. [an orb of fire]
 44525 | Zot:5    | Gained mutation: You are clumsy. (Dex -2) [an orb of fire]
 44527 | Zot:5    | Killed an orb of fire
 44528 | Zot:5    | Killed a dread lich
 44534 | Zot:5    | Killed a Killer Klown
 44538 | Zot:5    | Noticed a dread lich
 44557 | Zot:5    | Killed a dread lich
 44969 | Zot:5    | Noticed an orb of fire
 44977 | Zot:5    | Gained mutation: You are very weak. (Str -4) [an orb of
                  | fire]
 44981 | Zot:5    | Killed an orb of fire
 44982 | Zot:5    | Noticed a dread lich
 44984 | Zot:5    | Noticed an ancient lich
 44984 | Zot:5    | Noticed a dread lich
 44986 | Zot:5    | Killed a dread lich
 44991 | Zot:5    | Noticed a Killer Klown
 44993 | Zot:5    | Killed a dread lich
 45008 | Zot:5    | Killed an ancient lich
 45017 | Zot:5    | Killed a Killer Klown
 45081 | Zot:5    | Got the Orb of Zot
 45128 | Zot:5    | Noticed Pead the pandemonium lord
 45200 | Zot:2    | Noticed an orb of fire
 45232 | Zot:3    | Noticed Bizxualulia the pandemonium lord
 45317 | Depths:4 | Noticed Peyr the pandemonium lord
 45319 | Depths:4 | Gained mutation: You are vulnerable to cold. (rC-) [a
                  | neqoxec]
 45679 | D:6      | Noticed Ulaclim the pandemonium lord
 45836 | D:$      | Escaped with the Orb!

Illustrated notes

Levels and vault maps discovered:
D:1:      sevenhm_arrival_forest_fort_small_3, layout_loops_cross, minmay_cupped
D:2:      layout_basic, shapermc_ecumenical_altar_flowoftime, minivault_23
D:3:      cheibrodos_pilgrimage, layout_basic, xom_teletrap_fun,
          mainiacjoe_overflow_surrounded_room, yredelemnul_altar_generic,
          st_stairs_8
D:4:      layout_basic, uniq_natasha
D:5:      layout_rooms, mainiacjoe_overflow_catch_the_wave,
          minmay_temple_entry_butterflies, gammafunk_ghost_arena,
          hangedman_decor_slide_cut, uniq_grinder, uniq_crazy_yiuf_cottage,
          uniq_prince_ribbit1
D:6:      layout_loops_ring, vehumet_crystals, gammafunk_ghost_smash
D:7:      layout_loops_corners, nicolae_ru_great_annihilating_truth,
          serial_park_tiny_1
D:8:      layout_loops_ring, lemuel_round_altar, lair_entry_dummy,
          hangedman_incinerator
D:9:      layout_grid_maze, uniq_maggie
D:10:     layout_basic, minmay_large_rounded_square
D:11:     layout_loops_ring, minmay_orc_entry_temple_small, minmay_fountain_box,
          hangedman_decor_peaks_small, fountainhead, nicolae_fort_ynox,
          uniq_sonja
D:12:     layout_irregular_city, serial_shops, shop, uniq_psyche, uniq_josephine
D:13:     layout_rooms, erik_vaults_2, hangedman_stone_soup, kennysheep_dice
D:14:     layout_long_grid, serial_bayou_pond_d,
          gammafunk_ghost_wrathful_warriors, minmay_mirror_moons_of_madness
D:15:     grunt_enter_depths_giant_problem, layout_basic, nicolae_custom_books,
          uniq_rupert
Lair:1:   layout_cave_pods, chequers_serial_rivers_large_b, serial_bayou_shore_a
Lair:2:   layout_cave_pods, minmay_swamp_entry_worms
Lair:3:   layout_layer_cave, dummy_spider_entry, dreamdust_deal_with_the_devil,
          infiniplex_staircase_pool_2, grunt_megastairs_5
Lair:4:   layout_hall_layers, slime_entry_1, portal_ice_cave_rime,
          lemuel_oklob_altar, lemuel_fruit_tree
Lair:5:   hangedman_lair_caniforms_friends, layout_cave_pods, wormcave,
          lemuel_old_faithful, lemuel_fruit_fields, grunt_megastairs_4,
          uniq_kirke, uniq_urug
Swamp:1:  layout_basic_swamp, nicolae_swamp_reclaimed_castle, swamp_pool_1_2,
          nicolae_swamp_big_swirl
Swamp:2:  layout_basic_swamp, serial_swamp_ruin, hangedman_swamp_ruin_hall,
          evilmike_swamp_ruin_house_6, evilmike_swamp_ruin_house_2
Swamp:3:  layout_falls_marsh, nicolae_swamp_well_well_well, swamp_pool_1_2,
          nicolae_swamp_bean_lake
Swamp:4:  swamp, layout_basic_swamp
Spider:1: layout_spider_delve, uniq_jorgrun
Spider:2: layout_spider_delve, nicolae_spider_jagged_tunnels, uniq_mlioglotl,
          uniq_frances
Spider:3: layout_spider_delve
Spider:4: hellmonk_spider_rune_endless_swarm, hellmonk_motheaten_closet
Slime:1:  layout_caves, basic_altar
Slime:2:  layout_caves, cheibrodos_slime_lost_civilization_4
Slime:3:  layout_caves
Slime:4:  layout_caves
Slime:5:  slime_pit_nicolae_inversion
Orc:1:    layout_caves, uniq_snorg
Orc:2:    grunt_orc_gardens, layout_caves, grunt_orc_garden, grunt_orc_garden,
          grunt_orc_garden, grunt_orc_garden, basic_altar
Elf:1:    minmay_elf_arrival_circle, layout_gridlike, serial_shops,
          nicolae_shop_window_shopping, minmay_elf_annihilation,
          roderic_roman_lattice, serial_library_regret_index_small_wings,
          serial_library_hellmonk_open_square
Elf:2:    elven_hall_of_blades_hangedman_original [nooodl_blade_entry_preview],
          layout_rooms, serial_shops, bzr_entry_safe,
          serial_sigils_hangedman_stare, uniq_aizul
Vaults:1: nicolae_vaults_little_squares_3, nicolae_vaults_circle_grid_a,
          nicolae_vaults_big_angled_halls, nicolae_vaults_double_plus_2,
          nicolae_vaults_rhombus_6, nicolae_vaults_turnstiles, v_misc_14,
          vaults_room_pools, vaults_dpeg_ring, nicolae_vaults_diamond_2,
          nicolae_vaults_double_plus_3, layout_vaults_big_room, serial_shops,
          shop_statue, nicolae_shop_gibbet_a_chance, shop, shop, uniq_saint_roka
Vaults:2: minmay_crypt_entry_necro_gods, ontoclasm_vaults_idyll,
          vaults_room_door_ring, v_misc_10, nicolae_vaults_storage_room_glass,
          nicolae_vaults_tetromino_T_2, vaults_dpeg_diagonal,
          nicolae_vaults_branching_niches, nicolae_vaults_diamond_1,
          ontoclasm_vaults_misaligned, nicolae_vaults_mini_display_case,
          nicolae_vaults_little_squares_1, nicolae_vaults_tetromino_Z_2,
          nicolae_vaults_heart-shaped_vault, nicolae_vaults_little_squares_6,
          layout_vaults_big_cross
Vaults:3: nicolae_vaults_offset_grid_hallway_3, nicolae_vaults_little_squares_1,
          hangedman_vaults_stretched_pinwheel, nicolae_vaults_trapezoid_1,
          v_rooms_1, st_hourglassy, vaults_standard_mumra_enter_the_diamond,
          v_misc_26, nicolae_vaults_theta, nicolae_vaults_network_s, v_misc_31,
          nicolae_vaults_big_ls, nicolae_vaults_cochlea, v_misc_14,
          nicolae_vaults_double_plus_1, nicolae_vaults_shelves_hall,
          layout_vaults_maze_bifur, serial_shops, freezing_bzr
Vaults:4: mu_enter_wizlab_1, nicolae_vaults_asterisk, ontoclasm_vaults_spin,
          nicolae_vaults_tetromino_L_1, nicolae_vaults_prndl,
          grunt_vaults_hallway_short, v_rooms_4,
          nicolae_vaults_taking_the_gang_shopping, v_misc_28,
          nicolae_vaults_sesquioval_fish, nicolae_vaults_storage_closets_2,
          dpeg_vaults_waves, nicolae_vaults_offset_grid_hallway_1,
          layout_vaults_omnibox, serial_shops, bzr_entry_dummy
Vaults:5
Depths:1: grunt_bruiser_brothers, layout_cave_pools, hell_entry,
          nicolae_qazlal_scattered_showers, cheibrodos_ashenzari_chains
Depths:2: minmay_the_grid_triangle_9x9_recursive_3_mashed
          [minmay_the_grid_triangle_9x9_zippers_vertical,
          minmay_the_grid_triangle_9x9_from_above,
          minmay_the_grid_triangle_9x9_sparse_checkered,
          minmay_the_grid_triangle_9x9_prize_center,
          minmay_the_grid_triangle_9x9_cache,
          minmay_the_grid_triangle_9x9_negative_grid,
          minmay_the_grid_triangle_9x9_tough_junction,
          minmay_the_grid_triangle_9x9_thin_v,
          minmay_the_grid_triangle_9x9_subtriangle], layout_cave_shapes,
          grunt_mini_vestibule, hangedman_decor_lopped, rand_demon_pan_entry_3,
          kilobyte_mutagenic_chamber
Depths:3: minmay_box_of_statues, layout_cave_pools, enter_ziggurat_b,
          hell_entry, minmay_misc_feat_tower, abyss_entry_glasseish,
          nemelex_xobeh_ov_fountains_minmay
Depths:4: grunt_zot_entry_tricorne, layout_cave_shapes, hell_entry,
          rand_demon_pan_entry_4, roderic_lattice_a,
          gammafunk_ghost_berserking_beasts, grunt_potential
Zot:1:    layout_cathedral_of_symmetry, grunt_megastairs_1
Zot:2:    grunt_deathspiral_small, layout_onion,
          regret_index_zotdec_glowing_original
Zot:3:    layout_onion_interference
Zot:4:    lemuel_acid_trip, layout_onion_interference, bh_zot_ikea_curve,
          nicolae_transmutations_shop
Zot:5:    layout_cathedral_of_symmetry, lemuel_baited_zot_trap

Skill      XL: |  1  2  3  4  5  6  7  8  9 10 11 12 13 14 15 16 17 18 19 20 21 22 23 24 25 |
---------------+----------------------------------------------------------------------------+-----
Axes           | 3 4 5 6 7 9 12 15 16 17 | 17.0
Fighting       | 4 5 6 7 8 12 14 16 17 19 20 25 | 25.2
Armour         | 8 11 16 17 18 20 | 20.0
Dodging        | 6 8 10 12 14 15 | 15.0
Evocations     | 4 5 9 10 15 | 15.0
Invocations    | 7 9 12 15 16 19 20 24 27 | 27.0
Shields        | 5 8 15 16 17 20 | 20.0
Polearms       | 1 9 |  9.7

Action                     |  1- 3 |  4- 6 |  7- 9 | 10-12 | 13-15 | 16-18 | 19-21 | 22-24 | 25-27 || total
---------------------------+-------+-------+-------+-------+-------+-------+-------+-------+-------++-------
  Melee: War axe           |    93 |    77 |   154 |   365 |   175 |       |       |       |       ||   864
         Headbutt          |     7 |    13 |    24 |    68 |   115 |   137 |   243 |   213 |    38 ||   858
         Demon trident     |       |       |       |       |   414 |   806 |   826 |       |       ||  2046
         Broad axe         |       |       |       |       |       |       |   138 |   747 |   147 ||  1032
  Throw: Dart              |       |       |       |     3 |       |       |       |       |       ||     3
 Invoke: Light the Black T |     1 |     1 |     4 |     6 |     8 |    11 |     6 |    10 |     1 ||    48
         Hurl Torchlight   |       |       |     2 |     3 |     7 |     8 |     4 |     2 |     3 ||    29
         Recall Undead Har |       |       |     2 |     4 |     9 |     8 |    11 |     7 |     1 ||    42
         Bind Soul         |       |       |       |       |     2 |     4 |       |       |       ||     6
         Fathomless Shackl |       |       |       |       |     2 |     5 |     1 |     5 |     1 ||    14
  Evoke: Wand              |       |       |       |     5 |     2 |     5 |       |     7 |     8 ||    27
         Lightning rod     |       |       |       |       |       |     3 |       |     4 |       ||     7
         Box of beasts     |       |       |       |       |       |       |       |     1 |       ||     1
         Tin of tremorston |       |       |       |       |       |       |       |       |     2 ||     2
    Use: Potion            |     2 |       |     1 |     1 |     4 |    18 |     6 |    15 |     8 ||    55
         Scroll            |     1 |     3 |     5 |    10 |    15 |    14 |    14 |    10 |     6 ||    78
   Stab: Distracted        |       |     1 |       |     8 |     9 |    15 |    19 |    32 |     5 ||    89
         Paralysed         |       |       |     1 |       |       |     2 |       |       |       ||     3
         Confused          |       |       |       |       |       |     2 |       |       |       ||     2
         Invisible         |       |       |       |       |       |     9 |       |     9 |       ||    18
         Fleeing           |       |       |       |       |       |       |       |     3 |       ||     3
 Armour: Scale mail        |    29 |       |       |       |       |       |       |       |       ||    29
         Ring mail         |    23 |    46 |    69 |   117 |   111 |       |       |       |       ||   366
         Chain mail        |    12 |       |       |       |       |       |       |       |       ||    12
         Plate armour      |       |       |       |       |   186 |   630 |   518 |   659 |   170 ||  2163
  Dodge: Dodged            |    40 |    33 |    96 |   215 |   276 |   280 |   300 |   322 |    64 ||  1626
  Block: Buckler           |    24 |    16 |    41 |   180 |   221 |     5 |       |       |       ||   487
         Reflection        |       |       |       |     9 |     1 |       |       |    27 |     6 ||    43
         Tower shield      |       |       |       |       |       |   750 |   902 |  1043 |   254 ||  2949

Table legend: (Time is in decaauts)
 A = Elapsed time spent in this place.
 B = Non-inter-level travel time spent in this place.
 C = Inter-level travel time spent in this place.
 D = Time resting spent in this place.
 E = Time spent auto-exploring this place.
 F = Levels seen in this place.
 G = Mean time per level.
                   A        B        C        D        E       F      G
               +--------+--------+--------+--------+--------+-----+--------+
         Total |  45835 |  40795 |   5040 |   1406 |  28474 |  53 |  864.8 |
       Dungeon |  13623 |  11781 |   1842 |    517 |   8641 |  15 |  908.2 |
          Lair |   6306 |   5691 |    615 |     35 |   4533 |   5 | 1261.2 |
         Swamp |   2597 |   2401 |    196 |     12 |   1779 |   4 |  649.2 |
   Spider Nest |   3474 |   3192 |    282 |     57 |   2247 |   4 |  868.5 |
    Slime Pits |   1247 |   1099 |    148 |     49 |    466 |   5 |  249.4 |
  Orcish Mines |   1294 |   1095 |    199 |     54 |    793 |   2 |  647.0 |
   Elven Halls |   1694 |   1579 |    115 |     87 |   1100 |   2 |  847.0 |
        Vaults |   7368 |   6451 |    917 |     65 |   4573 |   5 | 1473.6 |
        Depths |   4427 |   3779 |    648 |     98 |   2495 |   4 | 1106.8 |
           Zot |   2264 |   2190 |     74 |    334 |   1063 |   5 |  452.8 |
        Bazaar |    235 |    235 |      0 |     97 |     38 |   1 |  235.0 |
        Wizlab |   1300 |   1300 |      0 |      0 |    744 |   1 | 1300.0 |
               +--------+--------+--------+--------+--------+-----+--------+

Top non-repeatable levels by time:
  Lair:5: 1863 daAuts
Vaults:3: 1638 daAuts
Vaults:2: 1622 daAuts
Vaults:5: 1601 daAuts
Depths:4: 1424 daAuts
Vaults:4: 1416 daAuts
    D:11: 1323 daAuts
  WizLab: 1300 daAuts
Spider:2: 1293 daAuts
     D:8: 1286 daAuts
     D:9: 1233 daAuts
Depths:1: 1175 daAuts
  Lair:1: 1174 daAuts
   Elf:1: 1146 daAuts
  Lair:3: 1142 daAuts
